groovejumper, neutral female human Wizard ----------- |.........| |....0.0..| ------ |...-----.| |....-----..(.--.| |..)...........%.| --.|.......--.--.| --)|-(|>----|.||.| |..------...|.--.-- |..Z@...^.<.#.....| ---------...|.....| ----------- groovejumper the Thaumaturge Experience level: 9 Strength: 13 Dexterity: 12 Constitution: 15 Intelligence: 18 Wisdom: 13 Charisma: 9 Health: 0(62) Energy: 2(84) AC: 4 Gold: 0 Moves: 7302 Your Inventory: Weapons a - a blessed +1 quarterstaff (weapon in hands) h - 8 [cursed +0] darts P - 2 [uncursed +0] darts (in quiver) Armor t - an uncursed +0 pair of jumping boots (being worn) u - an uncursed +0 pair of leather gloves (being worn) A - a [blessed] +2 leather hat [elven leather helm] (being worn) W - an uncursed burnt +1 cloak of magic resistance (being worn) Comestibles e - an [uncursed] tripe ration E - 4 [uncursed] lizard corpses Scrolls f - 2 [uncursed] scrolls called earth [of earth] Potions T - an uncursed potion of full healing Rings d - a [cursed] jet ring [of levitation] B - an uncursed ring of regeneration Tools b - an [uncursed] bag [oilskin sack] n - an uncursed blindfold y - an [uncursed] key [skeleton key] Contents of the oilskin sack: 153 gold pieces an uncursed amulet of magical breathing a [cursed -2] pair of combat boots [levitation] an [uncursed +0] tattered cape [cloak of displacement] an [uncursed] lizard corpse 2 [uncursed] tripe rations a cursed scroll of teleportation a [blessed] unlabeled scroll [of blank paper] a [cursed] unlabeled scroll [of blank paper] 2 [uncursed] unlabeled scrolls [of blank paper] an uncursed potion of restore ability 2 potions of unholy water an [uncursed] potion of water an [uncursed] magic marker [0:39] Spells known in the end: Name Level Category Fail Memory a - force bolt 1 attack 0% [||||||..] b - magic missile 2 attack 0% [||||||..] c - light 1 divination 0% [||||||..] Your skills at the end: Fighting Skills Weapon Skills quarterstaff [Skilled / Expert] Spellcasting Skills attack spells [Expert / Expert] enchantment spells [Basic / Skilled] Final Attributes: You were piously aligned. Hunger level was 752. Your alignment was 46 / 46. Monster difficulty range was 1 - 9. Level difficulty was 9. You were magic-protected. You were telepathic. You could jump. Your luck was zero. You are dead. Vanquished creatures: a baby gold dragon a baby purple worm a stalker a fire elemental a rodent of unusual size a leocrotta 2 elf mummies a wraith 6 ettin zombies a chameleon 3 giant beetles 2 cockatrices a panther a leprechaun a mumak 2 scorpions a black light 5 lizards 2 ravens 4 apes 2 Woodland-elves a bugbear 2 imps a wood nymph a rock piercer 2 fog clouds 2 yellow lights 2 shriekers a violet fungus 2 gnome lords 5 elf zombies a paper golem a giant ant 2 floating eyes a kitten 2 homunculi a kobold lord 2 hill orcs 3 rothes a rabid rat a giant bat a wererat 2 iguanas an acid blob 5 coyotes a gas spore a hobgoblin 4 giant rats a yellow mold 2 green molds 2 gnomes 6 garter snakes 4 geckos 4 jackals 2 kobolds 4 goblins 2 sewer rats 5 grid bugs 4 lichens a kobold zombie 8 newts 134 creatures vanquished. Voluntary challenges: You used a wielded weapon 133 times. You read items or engraved 74 times. You put on armor 4 times. You never genocided any monsters. You never polymorphed an object. You never changed form. You used no wishes. You wrote Elbereth's name 48 times. You never encountered a bones level. You never used any Sokoban shortcuts. Dungeon overview: The Dungeons of Doom: levels 1 to 10 Level 1 an altar a long staircase Level 2 a fountain Level 3 an armor shop, a fountain stairs to The Gnomish Mines Level 6 some fountains Level 7 a fountain Level 9 many fountains Level 10 stairs to Sokoban The Gnomish Mines: Level 4 stairs to The Dungeons of Doom Sokoban: Level 9 <- You were here a magic chest stairs to The Dungeons of Doom History has recorded: On T:1 you entered the Dungeons of Doom to retrieve the Amulet of Yendor! On T:645 you reached level 2 of The Dungeons of Doom. On T:831 you advanced to experience level 2. On T:999 you reached level 3 of The Dungeons of Doom. On T:1022 you advanced to experience level 3. On T:1133 you advanced to experience level 4. On T:1178 you reached level 1 of The Gnomish Mines. On T:1466 you advanced to experience level 5. On T:1540 you reached level 4 of The Dungeons of Doom. On T:1930 you reached level 5 of The Dungeons of Doom. On T:1932 you advanced to experience level 6. On T:2315 you reached level 6 of The Dungeons of Doom. On T:2706 you advanced to experience level 7. On T:2971 you reached level 7 of The Dungeons of Doom. On T:3288 you reached level 8 of The Dungeons of Doom. On T:3462 you advanced to experience level 8. On T:3779 you reached level 9 of The Dungeons of Doom. On T:3897 you received advice from The Oracle. On T:5439 you advanced to experience level 9. On T:5953 you reached level 10 of The Dungeons of Doom. On T:6253 you reached level 3 of Sokoban. Latest messages: The wand hits the ettin zombie. [HP-10=37] The ettin zombie hits! (2x) [HP-16=21] The hill orc throws a crude dagger! The crude dagger hits the ettin zombie. The ettin zombie hits! (2x) [HP-11=10] [HP+1=11] You write "Elbereth" with your fingers into the dust. [HP+1=12] The hill orc turns to flee! You hit the hill orc! You add "Elbereth" with your fingers to the writing in the dust. The hill orc throws a crude dagger! The crude dagger misses the hill orc. You are hit by a crude dagger. [HP+1=13] You write "Elbereth" with your fingers into the dust. You add "Elbereth" with your fingers to the writing in the dust. The ettin zombie hits! (2x) You die... Final status: Goodbye groovejumper the Wizard... You died in Sokoban on dungeon level 9 with 14307 points, and 153 pieces of gold, after 7302 moves. You were level 9 with a maximum of 62 hit points when you died.